 Dungeon Crawl Stone Soup version 0.17-a0-1378-g281efdd (webtiles) character file.

1279 Fluffy the Basher (level 8, 0/48 HPs)
             Began as a Gargoyle Fighter on June 14, 2015.
             Was a Follower of Okawaru.
             Slain by an iguana (8 damage)
             ... on level 5 of the Dungeon.
             The game lasted 00:14:27 (4873 turns).

Fluffy the Basher (Gargoyle Fighter)                Turns: 4873, Time: 00:14:28

Health: 0/48       AC: 17    Str: 21    XL:     8   Next: 54%
Magic:  8/9        EV:  4    Int:  6    God:    Okawaru [*.....]
Gold:   353        SH: 10    Dex: 11    Spells: 0 memorised, 7 levels left

rFire  + + .     SeeInvis .     a - +1 flail
rCold  + . .     Clarity  +     s - +0 plate armour
rNeg   + . .     SustAt   .     c - +1 shield
rPois  ∞         Gourm    .     (no helmet)
rElec  +         Spirit   .     (no cloak)
rCorr  .         Warding  .     (no gloves)
rMut   .         Stasis   .     (no boots)
MR     .....                    B - amulet of clarity
Stlth  ..........               l - ring of protection from cold
                                u - ring of stealth

@: not resistant to hostile enchantments, extremely unstealthy
A: dopey 1, fire resistance 2, negative energy resistance 1, sense surroundings
1, electricity resistance, unbreathing, petrification resistance, rot immunity,
AC +5
a: Heroism, Renounce Religion


You were on level 5 of the Dungeon.
You worshipped Okawaru.
Okawaru was aware of your devotion.
You were hungry.

You visited 2 branches of the dungeon, and saw 6 of its levels.

You collected 353 gold pieces.

Inventory:

Hand weapons
 a - a +1 flail (weapon)
Armour
 c - a +1 shield (worn)
 s - a +0 plate armour (worn)
Jewellery
 l - a ring of protection from cold (right hand)
 u - a ring of stealth (left hand)
 B - an amulet of clarity (around neck)
 C - an uncursed amulet of warding
 D - an uncursed ring of invisibility
Scrolls
 b - a scroll of magic mapping
 f - a scroll of teleportation
 g - a scroll of remove curse
 k - a scroll of blinking
 o - a scroll of fog
 p - 3 scrolls of recharging
 t - a scroll of enchant weapon
Potions
 d - a potion of might
 h - 3 potions of agility
 m - a potion of heal wounds
 w - 2 potions of curing
 E - a potion of haste {unknown}
Comestibles
 e - 4 bread rations
 i - 2 beef jerkies
 j - a slice of pizza
 x - 3 meat rations


   Skills:
 + Level 4.0 Fighting
 + Level 9.4 Maces & Flails
 + Level 4.0 Armour
 + Level 4.0 Shields
 + Level 1.9 Invocations


You had 7 spell levels left.
You didn't know any spells.

Dungeon Overview and Level Annotations

Branches:
Dungeon (5/15)             Temple (1/1) D:4

Altars:
Ashenzari
Dithmenos
Fedhas
Gozag
Kikubaaqudgha
Nemelex Xobeh
Okawaru
Qazlal
Ru
Sif Muna
Xom
Yredelemnul
Zin
The Shining One

Shops:
D:5 !


Innate Abilities, Weirdness & Mutations

You are resistant to torment.
Your stone body is resilient (AC +5).
You are immune to poison.
You resist negative energy.
You are resistant to electric shocks.
You can survive without breathing.
You are immune to petrification.
You are immune to rotting.
You are dopey. (Int -2)
Your flesh is very heat resistant.
You passively map a small area around you.


Message History

Your Armour skill increases to level 4!
Your Shields skill increases to level 4!
You hit the worker ant.
The worker ant is lightly wounded.
The worker ant bites you but does no damage.
You hit the worker ant.
The worker ant is moderately wounded.
The worker ant completely misses you.
The worker ant bites you but does no damage.
You sock the worker ant!
The worker ant is severely wounded.
The worker ant bites you but does no damage.
You sock the worker ant!
You kill the worker ant!
Okawaru accepts your kill.
Your Fighting skill increases to level 4!
You hit the iguana.
The iguana is lightly wounded.
The iguana bites you!
You die...

########
#############......#
## #.
#.............####.#
#.. ....,
.................#.#
#.#*...,.
#.##############@#.#
#.##.##. ......... ,
,, #l#.# ##........
#.#######* *,
#.#.###...l.##.. #.#
* #.#.............
#.# ,
#.#####.....##.. #.#
#.# ##........ #.# *
* *#.######.#..##..
#.# .. #...a.l..#,.#
, .####
....###.#.#.#.#,*.#,*


You could see an iguana.

Vanquished Creatures
  A troll (D:4)
  2 ice beasts (D:5)
  An ogre (D:5)
  A scorpion (D:4)
  A quasit (D:4)
  A hound (D:4)
  7 orc wizards
  2 orc priests
  3 worker ants
  An iguana (D:5)
  Natasha (D:4)
  2 hound skeletons (D:4)
  3 adders
  6 gnolls
  4 worms
  2 giant geckos (D:1)
  24 orcs
  A ball python (D:2)
  16 bats
  A bat skeleton (D:4)
  5 giant cockroaches
  11 goblins
  18 hobgoblins
  4 jackals
  5 giant newts
  12 kobolds
  A quokka skeleton (D:4)
  13 rats
  A fungus (D:1)
150 creatures vanquished.

Vanquished Creatures (others)
  A giant cockroach (D:4)
1 creature vanquished.

Grand Total: 151 creatures vanquished

Notes
Turn   | Place    | Note
--------------------------------------------------------------
     0 | D:1      | Fluffy the Gargoyle Fighter began the quest for the Orb.
     0 | D:1      | Reached XP level 1. HP: 14/14 MP: 1/1
   152 | D:1      | Reached XP level 2. HP: 17/19 MP: 2/2
   579 | D:1      | Reached XP level 3. HP: 23/23 MP: 3/3
  1075 | D:2      | Reached skill level 4 in Maces & Flails
  1082 | D:2      | Reached XP level 4. HP: 7/28 MP: 4/4
  1673 | D:2      | Found a faded altar to an unknown god.
  2145 | D:3      | Reached skill level 5 in Maces & Flails
  2154 | D:3      | Reached XP level 5. HP: 32/32 MP: 5/5
  2421 | D:3      | Found a blossoming altar of Fedhas.
  2873 | D:3      | Found a shadowy altar of Dithmenos.
  2940 | D:3      | Reached skill level 6 in Maces & Flails
  2940 | D:3      | Reached XP level 6. HP: 31/37 MP: 6/6
  3172 | D:4      | Found an opulent altar of Gozag.
  3300 | D:4      | Reached skill level 7 in Maces & Flails
  3408 | D:4      | Reached XP level 7. HP: 31/41 MP: 7/7
  3493 | D:4      | Noticed Natasha
  3509 | D:4      | Killed Natasha
  3590 | D:4      | Found a glowing golden altar of the Shining One.
  3598 | D:4      | Reached skill level 8 in Maces & Flails
  3900 | D:4      | Noticed a troll
  4237 | D:3      | Gained mutation: You passively map a small area around you. [potion of mutation]
  4237 | D:3      | Gained mutation: Your flesh is heat resistant. [potion of mutation]
  4237 | D:3      | Gained mutation: Your flesh is very heat resistant. [potion of mutation]
  4238 | D:3      | Gained mutation: You are dopey. (Int -2) [potion of mutation]
  4265 | D:4      | Killed a troll
  4265 | D:4      | Reached skill level 9 in Maces & Flails
  4265 | D:4      | Reached XP level 8. HP: 32/46 MP: 8/8
  4332 | D:4      | Found a staircase to the Ecumenical Temple.
  4341 | Temple   | Entered the Ecumenical Temple
  4377 | Temple   | Became a worshipper of Warmaster Okawaru
  4633 | D:5      | Entered Level 5 of the Dungeon
  4731 | D:5      | Found Pyacsi's Distillery.
  4824 | D:5      | Reached skill level 1 in Invocations
  4834 | D:5      | HP: 2/48 [ice beast (5)]
  4868 | D:5      | Acquired Okawaru's first power
  4873 | D:5      | Slain by an iguana

Vault maps used:
D:1:      matt_arrival_spirals, minmay_gold_behind_fungi, minmay_close_crescents
D:2:      ecumenical_altar_1, first_bread, grunt_decor_arrowhead
D:3:      kennysheep_six_static_rooms, lemuel_crystal_altar,
          lemuel_coloured_pillars_altar, guppyfry_early_orc_mine
D:4:      tso_metal_star, lemuel_round_altar, lemuel_temple_firewalk_marked,
          uniq_natasha
D:5:      bloody_trog, serial_shops, nicolae_shop_competitors_out_of_business,
          solitary_fountain, st_stairs_11
Temple:   roderic_octagonal_lattice_temple

Action                   |  1- 3 |  4- 6 |  7- 9 || total
-------------------------+-------+-------+-------++-------
Melee: Flail             |   175 |   301 |   200 ||   676
 Abil: Evoke Invisibilit |       |       |     1 ||     1
  Use: Scroll            |       |       |    18 ||    18
       Potion            |       |       |     3 ||     3
  Eat: Chunk             |     1 |     8 |     5 ||    14
